 Dungeon Crawl Stone Soup version 0.28-a0-1387-g3a22ab9bdc (webtiles) character file.

Game seed: 13727715211400568841

1821 enile the Wallflower (level 8, -11/67 HPs)
             Began as a Demonspawn Wanderer on Jan 2, 2022.
             Was an Initiate of Uskayaw.
             Mangled by an orc warrior (13 damage)
             ... on level 6 of the Dungeon.
             The game lasted 00:16:18 (6272 turns).

enile the Wallflower (Demonspawn Wanderer)          Turns: 6272, Time: 00:16:19

Health: -11/67     AC:  8    Str: 15    XL:     8   Next: 85%
Magic:  9/22       EV: 12    Int: 10    God:    Uskayaw [......]
Gold:   224        SH:  0    Dex: 16    Spells: 3/9 levels left

rFire   . . .      SeeInvis .   B - +2 long sword (elec)
rCold   . . .      Faith    .   (no shield)
rNeg    + . .      Spirit   .   d - +0 leather armour
rPois   .          Reflect  .   (helmet restricted)
rElec   .          Harm     .   (no cloak)
rCorr   .          Rampage  +   k - +0 pair of gloves "Yromai Doyr" {Rampage rN+ Will-}
Will    .....                   (no boots)
Stlth   ++........              (no amulet)
HPRegen 0.21/turn               r - +4 ring of protection
MPRegen 0.18/turn               i - ring of magical power

@: very slightly contaminated, slowed, very slow
A: antennae 2, demonic guardian 1, weakness stinger 1
a: Renounce Religion


You were on level 6 of the Dungeon.
You worshipped Uskayaw.
Uskayaw was noncommittal.
You visited 1 branch of the dungeon, and saw 6 of its levels.

You collected 224 gold pieces.

Inventory:

Hand Weapons
 a - a +3 hand crossbow of freezing
 l - a +0 dagger
 n - a +0 flail of venom
 t - a +1 mace of protection
 B - a +2 long sword of electrocution (weapon)
 E - a +0 war axe of electrocution
Missiles
 b - 43 bolts
 v - 5 boomerangs
 C - 23 stones
Armour
 c - a +0 pair of gloves
 d - a +0 leather armour (worn)
 k - the +0 pair of gloves "Yromai Doyr" (worn) {Rampage rN+ Will-}
   (You found it on level 2 of the Dungeon)

   rN:        It protects you from negative energy.
   Rampage:   It bestows one free step when moving towards enemies.
   Will:      It decreases your willpower.
 q - a +0 ring mail
 D - a +0 cloak
Jewellery
 i - a ring of magical power (right hand)
 o - a ring of resist corrosion
 r - a +4 ring of protection (left hand)
 y - a ring of magical power
 A - a ring of wizardry
Wands
 x - a wand of flame (20)
Scrolls
 e - 3 scrolls of vulnerability
 g - a scroll of fog
 h - a scroll of silence
 j - a scroll of brand weapon
 p - a scroll of fear
 w - a scroll of teleportation {unknown}
 z - a scroll of identify
Potions
 f - 2 potions of lignification {unknown}
 m - a potion of brilliance {unknown}
 s - a potion of mutation {unknown}
 u - 2 potions of curing {unknown}


   Skills:
 - Level 7.0 Fighting
 + Level 2.3 Long Blades
 - Level 3.0 Maces & Flails
 - Level 4.5 Crossbows
 - Level 3.0 Armour
 - Level 2.0 Dodging
 - Level 2.0 Stealth
 - Level 1.0 Spellcasting
 - Level 1.0 Conjurations
 - Level 2.0 Hexes
 - Level 1.0 Earth Magic
 - Level 7.0 Invocations
 - Level 2.0 Evocations


You had 3 spell levels left.
You knew the following spells:

 Your Spells              Type           Power      Damage    Failure   Level
a - Tukima's Dance        Hex            4%         N/A       50%         3
b - Stone Arrow           Conj/Erth      4%         3d7       63%         3

Your spell library contained the following spells:

 Spells                   Type           Power      Damage    Failure   Level
 Sandblast                Erth           4%         2d4       28%         1
 Passwall                 Tmut/Erth      0%         N/A       45%         2
 Passage of Golubria      Tloc           0%         N/A       99%         4
 Yara's Violent Unravell  Hex/Tmut       1%         3d3       100%        5


Dungeon Overview and Level Annotations

Branches:
Dungeon (6/15)
 Temple: D:4-7

Altars:
Ashenzari
Fedhas
Ru
Uskayaw
Wu Jian
Xom

Annotations:
D:5 1 runed translucent door, ASSMAN's ghost, novice HOMo


Innate Abilities, Weirdness & Mutations

You have a pair of antennae on your head.
A weak demonic guardian rushes to your aid.
You have a small tail.


Message History

You miscast Tukima's Dance.
You are very lightly contaminated with residual magic.
You feel a bit tired.
You feel yourself slow down.
Aiming: Tukima's Dance (dangerous; 50% risk of failure)
Press: ? - help, Q - select action, (/) - cycle Shift-Dir - straight line, f/p - orc warrior
Aim: an orc warrior, wielding a +0 battleaxe and wearing a +0 plate armour (chance to affect: 37%)
You miscast Tukima's Dance.
You feel a strange surge of energy.
Your magical effects are unravelling.
You feel as though you will be slow longer.
The orc warrior hits you with a +0 battleaxe!
The orc completely misses you.
Aiming: Tukima's Dance (dangerous; 50% risk of failure)
Press: ? - help, Q - select action, (/) - cycle Shift-Dir - straight line, f/p - orc warrior
Aim: an orc warrior, wielding a +0 battleaxe and wearing a +0 plate armour (chance to affect: 37%)
You miscast Tukima's Dance.
Waves of light ripple over your body.
Your magical effects are unravelling.
You feel as though you will be slow longer.
The orc warrior hits you with a +0 battleaxe.
The orc hits you but does no damage. The orc warrior barely misses you.
You stomp with the beat, sending a shockwave through the revellers around you!
The orc warrior is moderately wounded.
You kill the orc!
You can no longer stomp with the beat.
The orc warrior hits you with a +0 battleaxe!
You hit the orc warrior but do no damage.
Your tail-slap misses the orc warrior.
The orc warrior is moderately wounded.
The orc warrior misses you.
The orc warrior hits you with a +0 battleaxe!!
* * * LOW HITPOINT WARNING * * *
A demonic guardian appears!
Okay, then.
As you read the scroll of fear, it crumbles to dust.
You assume a fearsome visage.
The orc warrior looks frightened!
Your shadow imp gestures at the orc warrior.
Your shadow imp's attack snaps the orc warrior out of its fear.
The orc warrior writhes in agony.
Your shadow imp closely misses the orc warrior.
The orc warrior hits you with a +0 battleaxe!
You die...

# #.#....#.#########
####..><>...........+.....
............#########.....
#####..##.#.#########.....
....#.....###.............
###.#...#.# #..........)..
......#.#.# #.............
.##.###<#.# #......)......
.##.###.#.# #...@o5.......
....##..#.# #..........###
....##..#.# #.....)....#
###.##..#.#######†######
##.##.†#...## #.##
#..##..#.#..####..#####
#.....................#
#..####'#######+#####.#
##.###.....##


You could see an orc warrior (ally target) and a friendly shadow imp (summoned).

Vanquished Creatures
  A water moccasin (D:6)
  A sky beast (D:5)
  2 ice beasts
  A black bear (D:6)
  3 ogres
  A centaur (D:5)
  A phantom (D:5)
  A bullfrog (D:6)
  2 scorpions (D:5)
  4 centaur zombies
  An orc priest (D:3)
  A hound (D:5)
  A centaur skeleton (D:4)
  2 iguanas
  A hound skeleton (D:5)
  6 adders
  A shadow imp (D:5)
  2 ufetubi (D:4)
  2 worms
  4 dart slugs
  8 orcs
  6 endoplasms
  5 giant cockroaches
  5 goblins
  5 hobgoblins
  2 jackals (D:4)
  2 quokkas (D:2)
  12 ball pythons
  3 bats (D:1)
  2 frilled lizards (D:3)
  6 kobolds
  7 rats
101 creatures vanquished.

Vanquished Creatures (collateral kills)
  Prince Ribbit (D:5)
  A water moccasin skeleton (D:4)
  An orc priest (D:4)
  An orc wizard (D:4)
  An adder (D:6)
  5 orcs
  A kobold (D:4)
11 creatures vanquished.

Grand Total: 112 creatures vanquished

Notes
Turn   | Place    | Note
-------+----------+-------------------------------------------
     0 | D:1      | enile the Demonspawn Wanderer began the quest for the Orb.
     0 | D:1      | enile set off with the following items: a +3 hand crossbow,
                  | 29 bolts, a +0 pair of gloves, a +0 leather armour
     0 | D:1      | Reached XP level 1. HP: 16/16 MP: 1/1
    85 | D:1      | Gained mutation: A weak demonic guardian rushes to your
                  | aid. [demonic ancestry]
    85 | D:1      | Reached XP level 2. HP: 23/23 MP: 2/2
   161 | D:1      | Found a faded altar of an unknown god.
   173 | D:1      | Prayed at the altar of an unknown god.
   173 | D:1      | Became a worshipper of Uskayaw the Reveller
   173 | D:1      | Reached * piety under Uskayaw
   465 | D:1      | Reached skill level 1 in Invocations
   628 | D:2      | Discovered your monstrous ancestry.
   628 | D:2      | Gained mutation: You have a small tail. [demonic ancestry]
   628 | D:2      | Reached XP level 3. HP: 29/29 MP: 4/4
   629 | D:2      | Reached ** piety under Uskayaw
   942 | D:2      | Identified the +0 pair of gloves "Yromai Doyr" {Rampage rN+
                  | Will-}
  1578 | D:2      | Reached *** piety under Uskayaw
  1875 | D:3      | Reached XP level 4. HP: 35/35 MP: 6/6
  2182 | D:3      | Found a blossoming altar of Fedhas.
  2182 | D:3      | Found a basalt altar of Yredelemnul.
  2184 | D:3      | Found an ornate altar of the Wu Jian Council.
  2184 | D:3      | Found a broken altar of Ashenzari.
  2184 | D:3      | Found a shimmering altar of Xom.
  2305 | D:3      | Reached skill level 1 in Maces & Flails
  2772 | D:3      | Gained mutation: You have a pair of small antennae on your
                  | head. [demonic ancestry]
  2772 | D:3      | Reached XP level 5. HP: 30/42 MP: 7/7
  3169 | D:3      | Found a sacrificial altar of Ru.
  3398 | D:4      | Noticed an ogre
  3413 | D:4      | Killed an ogre
  3414 | D:4      | Reached skill level 5 in Invocations
  3414 | D:4      | Gained mutation: You have a pair of antennae on your head.
                  | [demonic ancestry]
  3414 | D:4      | Reached XP level 6. HP: 48/48 MP: 7/9
  4001 | D:5      | Entered Level 5 of the Dungeon
  4065 | D:5      | Noticed an ice beast
  4083 | D:5      | Killed an ice beast
  4084 | D:5      | Reached skill level 5 in Fighting
  4084 | D:5      | Reached XP level 7. HP: 56/56 MP: 10/10
  4092 | D:5      | Reached **** piety under Uskayaw
  4153 | D:5      | Found a runed translucent door.
  4157 | D:5      | Noticed ASSMAN's ghost (novice HOMo)
  4636 | D:5      | Noticed Prince Ribbit
  4650 | D:5      | Killed Prince Ribbit
  4651 | D:5      | Reached XP level 8. HP: 7/62 MP: 5/13
  4975 | D:5      | Reached skill level 1 in Spellcasting
  4979 | D:5      | Learned a level 3 spell: Tukima's Dance
  5863 | D:6      | Reached skill level 1 in Long Blades
  6040 | D:6      | Reached skill level 1 in Hexes
  6054 | D:6      | Learned a level 3 spell: Stone Arrow
  6128 | D:6      | Reached skill level 1 in Earth Magic
  6128 | D:6      | Reached skill level 1 in Conjurations
  6269 | D:6      | HP: 1/67 [orc warrior (21)]
  6272 | D:6      | Mangled by an orc warrior

Illustrated notes

Levels and vault maps discovered:
D:1:      grunt_arrival_crossed_arrows, layout_rooms,
          ebering_ecumenical_altar_mist, nicolae_figureground_pulse
D:2:      layout_basic
D:3:      layout_loops_corners, nicolae_ru_the_path_less_chosen,
          doesnt_xom_only_xom
D:4:      layout_cave_pools
D:5:      layout_basic, hellmonk_ghost_happy_afterlife,
          amcnicky_mini_corridor_feature, uniq_prince_ribbit1
D:6:      layout_basic, mainiacjoe_overflow_tiny_flanked, minmay_quadrilaterals

Skill      XL: |  1  2  3  4  5  6  7  8 |
---------------+-------------------------+-----
Fighting       | 3 4 5 7 |  7.0
Invocations    | 2 3 5 7 |  7.0
Maces & Flails | 1 2 3 |  3.0
Evocations     | 2 |  2.0
Stealth        | 2 |  2.0
Armour         | 2 3 |  3.0
Dodging        | 2 |  2.0
Spellcasting   | 1 |  1.0
Long Blades    | 2 |  2.3
Hexes          | 2 |  2.0
Earth Magic    | 1 |  1.0
Conjurations   | 1 |  1.0
Crossbows      | |  4.5

Action                   |  1- 3 |  4- 6 |  7- 9 || total
-------------------------+-------+-------+-------++-------
Melee: Flail             |       |    97 |       ||    97
       Tailslap          |       |    14 |    23 ||    37
       Mace              |       |    13 |   117 ||   130
       Long sword        |       |       |    35 ||    35
 Fire: Hand crossbow     |    66 |    22 |       ||    88
Throw: Boomerang         |       |    15 |     6 ||    21
 Cast: Tukima's Dance    |       |       |     1 ||     1
Invok: Line Pass         |       |     1 |       ||     1
       Stomp             |       |       |     3 ||     3
Evoke: Wand              |       |     3 |     1 ||     4
  Use: Scroll            |       |     7 |     1 ||     8
 Stab: Sleeping          |       |     4 |     2 ||     6
       Confused          |       |     1 |       ||     1
       Paralysed         |       |     1 |     1 ||     2
       Distracted        |       |       |     1 ||     1
Armor: Leather armour    |     2 |    52 |   114 ||   168
Dodge: Dodged            |     6 |    88 |   128 ||   222

Table legend: (Time is in decaauts)
 A = Elapsed time spent in this place.
 B = Non-inter-level travel time spent in this place.
 C = Inter-level travel time spent in this place.
 D = Time resting spent in this place.
 E = Time spent auto-exploring this place.
 F = Levels seen in this place.
 G = Mean time per level.
                   A        B        C        D        E       F      G
               +--------+--------+--------+--------+--------+-----+--------+
         Total |   6384 |   6127 |    257 |      0 |   5102 |   6 | 1064.0 |
       Dungeon |   6384 |   6127 |    257 |      0 |   5102 |   6 | 1064.0 |
               +--------+--------+--------+--------+--------+-----+--------+

Top non-repeatable levels by time:
     D:5: 1861 daAuts
     D:3: 1431 daAuts
     D:2: 1274 daAuts
     D:4: 761 daAuts
     D:1: 592 daAuts
     D:6: 462 daAuts
